Map: Emerald City LE

Players

OpuS

  • Race: Protoss Protoss
  • League: Diamond
  • Spawn Location: 5:00

Sketchaphone

  • Race: Zerg Zerg
  • League: Platinum
  • Spawn Location: 5:00

BUSTER

  • Race: Zerg Zerg
  • Spawn Location: 11:00

Spartacus

  • Race: Terran Terran
  • League: Diamond
  • Spawn Location: 11:00

VOD

Have the link to the VOD?

Description

Time

  • Played on: March 3, 2019, 9:02 p.m.
  • Length: 13:08
Show
View Real Time Build Order
Export as new Build Order

OpuS Protoss 

Build Orders:  

Get SALT Encoding   

  12  0:01  Probe  
  13  0:13  Probe  
  14  0:18  Pylon  
  14  0:25  Probe  
  15  0:37  Probe  
  15  0:38  Gateway  
  16  0:45  Probe  
  17  0:53  Assimilator  
  17  0:54  Probe  
  17  0:57  Assimilator  
  18  1:08  Gateway  
  19  1:11  Probe  
  19  1:23  Probe  
  20  1:28  Cybernetics Core  
  20  1:38  Pylon, Probe  
  21  1:53  Probe  
  21  2:01  Probe  
  22  2:05  Stalker x2  
  22  2:06  Warp Gate  
  27  2:26  Pylon  
  27  2:30  Stalker, Probe  
  27  2:35  Stalker  
  31  3:01  Nexus  
  31  3:06  Probe  
  32  3:18  Pylon  
  32  3:21  Twilight Council  
  32  3:24  Probe  
  33  3:35  Robotics Facility  
  33  3:41  Pylon  
  25  3:56  Adept x2  
  29  4:12  Pylon  
  29  4:14  Pylon  
  29  4:15  Pylon  
  29  4:18  Pylon  
  29  4:23  Adept  
  29  4:24  Adept  
  33  4:26  Shield Battery  
  33  4:38  Pylon  
  33  4:39  Shield Battery  
  33  4:40  Shield Battery  
  33  4:52  Dark Shrine  
  33  4:54  Gateway  
  33  5:13  Adept  
  33  5:14  Gateway  
  35  5:15  Adept  
  37  5:32  Charge  
  37  5:45  Pylon  
  37  5:55  Zealot x2  
  37  5:56  Zealot  
  43  6:18  Templar Archives  
  43  6:19  Nexus  
  43  6:35  Observer  
  41  6:44  Stalker x2  
  43  7:23  Probe  
  44  7:35  Probe  
  45  7:39  Probe  
  46  7:47  Probe  
  47  7:51  Probe  
  47  7:55  Pylon  
  47  7:57  Dark Templar x2  
  52  8:10  Dark Templar x2  
  56  8:15  Probe x2  
  56  8:16  Psionic Storm  
  58  8:51  Dark Templar  
  58  8:52  Dark Templar  
  62  8:59  Probe x2  
  64  9:06  Stalker  
  66  9:11  Stalker  
  52  9:27  Probe  
  52  9:28  Probe  
  54  9:38  Assimilator  
  54  9:39  Probe  
  54  9:40  Probe  
  54  9:42  Assimilator  
  56  9:48  High Templar  
  56  9:52  Probe x2  
  60  9:54  Gateway  
  60  9:57  Gateway  
  60  10:04  Probe  
  61  10:10  High Templar  
  61  10:12  Zealot  
  61  10:13  Zealot  
  61  10:14  Probe  
  68  10:16  Probe  
  69  10:23  Forge  
  69  10:27  Pylon  
  70  10:28  Probe x2  
  70  10:34  High Templar  
  73  10:38  Zealot  
  75  10:44  Probe x2  
  75  10:47  Gateway  
  77  10:54  Gateway  
  77  10:59  High Templar  
  77  11:02  High Templar  
  81  11:04  Zealot  
  83  11:11  Probe  
  83  11:12  Probe  
  85  11:21  High Templar, Zealot x2  
  81  11:50  Zealot x2  
  81  11:51  Zealot x3  
  81  11:52  Zealot x2  
  95  12:00  High Templar  
  97  12:12  Nexus  
  97  12:13  High Templar x2  
  97  12:15  High Templar, Zealot  
  73  12:39  Dark Templar x2  
Show
View Real Time Build Order
Export as new Build Order

Sketchaphone Zerg 

Build Orders: Hatch First 

Get SALT Encoding   

  12  0:01  Drone  
  13  0:12  Overlord  
  13  0:18  Drone  
  14  0:21  Extractor  
  14  0:23  Drone  
  15  0:32  Drone  
  15  0:35  Drone  
  17  0:54  Hatchery  
  16  0:57  Drone  
  16  1:00  Drone  
  16  1:03  Extractor  
  17  1:22  Drone  
  17  1:23  Spawning Pool, Drone  
  18  1:29  Drone  
  19  1:41  Overlord  
  19  1:49  Drone  
  20  2:01  Drone  
  20  2:04  Spawning Pool  
  22  2:08  Drone  
  22  2:09  Metabolic Boost  
  22  2:10  Queen  
  22  2:12  Drone  
  25  2:16  Drone  
  26  2:23  Drone  
  26  2:29  Roach Warren  
  26  2:33  Drone  
  26  2:34  Drone  
  28  2:38  Drone  
  28  2:42  Overlord  
  29  2:49  Drone  
  30  2:53  Zergling x2  
  31  3:00  Queen  
  31  3:02  Overlord  
  31  3:05  Zergling x2  
  34  3:11  Zergling x2  
  35  3:19  Zergling x2  
  36  3:24  Lair  
  36  3:26  Drone x4  
  40  3:40  Drone x2  
  42  3:45  Extractor  
  42  3:46  Evolution Chamber  
  42  3:47  Evolution Chamber  
  36  3:58  Spine Crawler, Roach x5  
  36  3:59  Spine Crawler  
  44  4:07  Roach  
  44  4:08  Roach  
  47  4:17  Spine Crawler  
  43  4:19  Spine Crawler  
  43  4:22  Spine Crawler  
  37  4:24  Roach x2  
  37  4:44  Roach  
  37  4:45  Roach x3  
  41  5:13  Zerg Ground Armor Level 1  
  41  5:15  Overlord  
  41  5:17  Overlord  
  41  5:29  Roach x2  
  41  5:30  Overlord  
  45  5:57  Glial Reconstitution  
  45  6:01  Roach  
  45  6:02  Roach  
  45  6:03  Roach  
  51  6:34  Hatchery  
  51  6:36  Burrow  
  50  6:44  Overlord  
  50  6:50  Spore Crawler  
  49  6:59  Overlord  
  49  7:08  Nydus Network  
  48  7:17  Zerg Missile Weapons Level 1  
  48  7:21  Overlord  
  48  7:38  Roach x5  
  58  7:47  Pneumatized Carapace  
  58  7:49  Nydus Canal  
  58  7:55  Queen  
  58  7:56  Drone x5  
  65  8:06  Roach  
  48  8:36  Overseer  
  43  8:58  Roach x2  
  43  8:59  Overlord, Roach x2  
  51  9:07  Ravager  
  51  9:09  Roach  
  54  9:10  Zergling x6  
  54  9:11  Roach x5  
  46  9:43  Nydus Canal  
  46  9:50  Zergling x10  
  45  10:13  Drone x5  
  48  10:24  Drone  
  49  10:31  Drone  
  50  10:41  Hatchery  
  49  10:49  Zerg Missile Weapons Level 2  
  49  10:50  Roach x2  
  49  10:52  Hatchery  
  52  11:04  Roach x2  
  56  11:07  Roach  
  58  11:17  Roach  
  60  11:35  Roach x3  
  61  11:59  Nydus Canal  
  61  12:05  Roach x4  
  61  12:08  Drone  
  62  12:23  Nydus Canal  
  60  12:33  Roach x2  
  64  12:41  Roach  
  64  12:42  Roach  
Show
View Real Time Build Order
Export as new Build Order

BUSTER Zerg 

Build Orders: Hatch First 

Get SALT Encoding   

  12  0:02  Drone  
  13  0:13  Overlord  
  13  0:18  Drone  
  14  0:31  Drone x2  
  16  0:37  Drone  
  17  0:53  Hatchery  
  16  1:02  Drone  
  16  1:03  Drone  
  18  1:09  Extractor  
  17  1:13  Drone  
  18  1:20  Spawning Pool  
  17  1:34  Drone x2  
  19  1:45  Overlord  
  19  1:50  Drone  
  20  2:04  Drone  
  20  2:07  Queen x2  
  25  2:10  Metabolic Boost  
  25  2:17  Drone x3  
  28  2:26  Evolution Chamber  
  27  2:32  Overlord  
  27  2:35  Zergling x4  
  29  2:50  Zergling x2  
  29  2:51  Zergling x4  
  32  2:55  Zerg Melee Weapons Level 1  
  32  3:00  Evolution Chamber  
  32  3:04  Zergling x4  
  33  3:11  Zergling x4  
  35  3:19  Zergling x10  
  40  3:24  Overlord  
  40  3:30  Zergling x4  
  41  3:51  Zerg Ground Armor Level 1  
  40  3:58  Zergling x12  
  40  3:59  Zergling x2  
  47  4:20  Drone x5  
  51  4:38  Overlord  
  51  4:39  Overlord  
  51  4:44  Lair  
  50  5:01  Roach Warren, Drone  
  50  5:02  Drone x6  
  56  5:27  Zerg Missile Weapons Level 1  
  57  5:28  Drone  
  57  5:29  Drone x6  
  63  5:36  Spore Crawler  
  63  5:39  Spore Crawler  
  63  5:41  Glial Reconstitution  
  61  5:49  Extractor  
  60  5:50  Extractor  
  60  5:51  Overseer  
  59  5:59  Overlord, Extractor  
  59  6:02  Drone x5  
  63  6:04  Drone  
  63  6:08  Drone  
  63  6:09  Drone x2  
  67  6:15  Overlord x2  
  67  6:25  Roach x3  
  73  6:36  Roach x3  
  73  6:37  Roach x2  
  83  6:42  Roach x2  
  87  6:49  Roach  
  89  6:56  Roach  
  91  7:02  Overlord  
  91  7:03  Overlord x3  
  91  7:14  Zerg Ground Armor Level 2  
  91  7:19  Overlord  
  91  7:21  Drone  
  92  7:23  Roach x2  
  92  7:25  Roach  
  92  7:28  Zerg Missile Weapons Level 2  
  98  7:32  Roach x2  
  102  7:44  Overlord  
  102  7:46  Roach x4  
  110  7:58  Roach  
  110  7:59  Roach x2  
  114  8:14  Hatchery  
  113  8:34  Queen  
  113  8:36  Drone  
  113  8:37  Drone x11  
  127  9:00  Extractor  
  127  9:01  Extractor  
  127  9:02  Spine Crawler  
  124  9:04  Spine Crawler  
  97  9:39  Spine Crawler  
  97  9:41  Queen, Spore Crawler  
  97  9:45  Drone  
  97  9:46  Drone x10  
  97  9:48  Zerg Melee Weapons Level 2  
  108  9:55  Infestation Pit  
  107  10:07  Spine Crawler  
  106  10:19  Overlord x2  
  106  10:20  Overlord  
  106  10:21  Roach  
  106  10:22  Roach x7  
  122  10:28  Drone  
  122  10:29  Drone x2  
  122  10:33  Roach x2  
  129  10:42  Hive  
  129  10:44  Overseer  
  129  10:45  Overseer  
  129  10:46  Pneumatized Carapace  
  129  10:53  Roach x2  
  129  10:54  Roach x4  
  141  10:57  Hatchery  
  140  11:08  Drone x5  
  140  11:09  Drone x3  
  148  11:19  Overlord x3  
  148  11:30  Roach  
  148  11:31  Roach  
  140  12:02  Ultralisk Cavern  
  139  12:17  Queen  
  136  12:25  Roach  
  136  12:26  Roach x18  
Show
View Real Time Build Order
Export as new Build Order

Spartacus Terran 

Build Orders: Hellion Banshee 

Get SALT Encoding   

  12  0:01  SCV  
  13  0:13  SCV  
  14  0:19  Supply Depot  
  14  0:25  Refinery  
  14  0:29  SCV  
  15  0:41  SCV  
  16  0:46  Barracks  
  16  0:53  SCV  
  17  1:05  SCV  
  18  1:17  SCV  
  19  1:34  Orbital Command  
  19  1:37  Supply Depot  
  19  1:48  Factory  
  19  1:53  Barracks Reactor  
  19  2:04  SCV  
  19  2:07  Refinery  
  20  2:16  SCV  
  21  2:28  SCV  
  22  2:47  SCV  
  22  2:49  Hellion  
  25  2:53  Hellion  
  27  2:59  SCV  
  27  3:00  Barracks Tech Lab  
  27  3:02  Supply Depot  
  27  3:04  Starport  
  28  3:11  Hellion  
  30  3:24  Hellion, SCV  
  33  3:29  Command Center  
  33  3:34  Hellion  
  35  3:36  SCV  
  35  3:38  Barracks Tech Lab  
  37  3:48  SCV  
  37  3:53  Hellion  
  39  4:02  Supply Depot  
  39  4:11  Hellion, SCV  
  39  4:15  Hellion  
  44  4:23  Stimpack, SCV  
  43  4:24  Banshee  
  43  4:25  Cloaking Field  
  46  4:35  SCV  
  45  4:41  Orbital Command  
  45  4:47  SCV  
  45  4:50  Barracks  
  45  4:52  Barracks  
  46  4:55  Factory Tech Lab  
  46  4:59  SCV  
  47  5:09  Engineering Bay, SCV  
  47  5:11  SCV  
  49  5:21  SCV  
  49  5:23  SCV  
  49  5:24  Marauder  
  49  5:25  Siege Tank  
  56  5:30  Banshee  
  56  5:33  SCV  
  60  5:36  SCV  
  60  5:37  Missile Turret  
  61  5:45  SCV  
  61  5:46  Supply Depot  
  62  5:50  SCV  
  62  5:53  Refinery  
  62  5:54  Barracks Reactor  
  62  5:55  Marine x2  
  65  5:57  Missile Turret  
  65  5:58  SCV  
  65  6:02  SCV  
  67  6:04  Supply Depot  
  65  6:14  SCV  
  65  6:15  Bunker  
  66  6:19  Medivac  
  66  6:20  SCV  
  69  6:27  Marine x2, SCV  
  69  6:28  Marauder  
  69  6:31  Marine x2  
  69  6:32  SCV  
  77  6:39  Refinery, Siege Tank  
  80  6:40  SCV  
  80  6:44  SCV  
  80  6:45  Marine x2  
  84  6:51  Marine x2  
  86  7:01  Terran Infantry Weapons Level 1  
  86  7:03  Engineering Bay, Marauder, Marine x2, SCV x2  
  86  7:05  Supply Depot  
  86  7:06  Supply Depot  
  92  7:11  Marine x2  
  94  7:22  SCV x2  
  93  7:27  Marauder  
  95  7:35  Marine x2  
  95  7:36  Command Center  
  97  7:37  Command Center  
  97  7:44  Marine x2  
  97  7:47  Combat Shield, SCV  
  97  7:48  Marauder  
  97  7:49  SCV  
  103  7:52  Starport Reactor  
  103  8:19  SCV  
  99  8:20  Marine x4  
  99  8:25  Marine  
  100  8:27  Siege Tank  
  100  8:29  Medivac x2  
  107  8:35  SCV  
  107  8:38  Marine x2  
  110  8:47  Barracks x2  
  110  8:48  Marauder  
  112  8:51  Orbital Command  
  112  9:03  Missile Turret  
  112  9:05  Missile Turret  
  112  9:07  Marine x4  
  112  9:09  Marine  
  117  9:16  Siege Tank  
  120  9:18  Medivac  
  120  9:19  Medivac  
  124  9:25  Marine x2  
  124  9:29  Missile Turret  
  126  9:31  Marine x2, Missile Turret  
  126  9:32  Marine  
  126  9:36  Barracks Reactor, Barracks Tech Lab  
  129  9:38  Planetary Fortress  
  129  9:43  Marine  
  130  9:53  Marine x5  
  130  9:55  Siege Tank  
  130  9:57  Terran Infantry Armor Level 1  
  138  10:00  Marine  
  138  10:01  Armory  
  139  10:11  SCV  
  140  10:30  Marine x8  
  140  10:31  Supply Depot  
  140  10:32  Supply Depot  
  148  10:48  Concussive Shells  
  148  10:51  Terran Infantry Weapons Level 2  
  148  10:52  Supply Depot, Command Center  
  148  10:53  Marauder x2, Terran Vehicle Weapons Level 1, Marine x2  
  148  10:56  Supply Depot  
  154  11:04  Marine x2  
  154  11:05  Marine x2  
  154  11:06  Siege Tank  
  154  11:10  Marine  
  145  11:51  Marine x6  
  145  11:52  Marine x2  
  149  11:54  Medivac  
  149  11:55  Medivac  
  153  12:08  Marine  
  153  12:09  Marine x5  
  153  12:10  Marauder x2  
  163  12:26  Marine x2  
  163  12:27  Marine x4  
  157  12:31  Marauder x2  
  144  12:44  Marine x2  
  144  12:55  Barracks x2  
  144  12:56  Refinery  
  144  12:57  Refinery  
  148  13:00  Missile Turret  
Tags
 
Add a new tag
Caveats
  • Supply blocks, unpowered buildings, or Contaminate may cause inaccurate times.
  • Supply counts are checked every 10 seconds.